 Dungeon Crawl Stone Soup version 0.31-a0-1496-g79c7dd0eeb (webtiles) character file.

Game seed: 6284223947434986371

4390 inmateoo the Cleaver (level 10, -6/88 HPs)
             Began as a Minotaur Fighter on Dec 29, 2023.
             Was a Follower of the Shining One.
             Mangled by a gnoll
             ... wielding a +0 halberd
             ... led by a gnoll bouda
              (10 damage)
             ... on level 9 of the Dungeon.
             The game lasted 00:06:30 (7398 turns).

inmateoo the Cleaver (Minotaur Fighter)             Turns: 7398, Time: 00:06:30

Health: -6/88      AC: 13    Str: 21    XL:     10   Next: 13%
Magic:  9/9        EV: 10    Int:  5    God:    the Shining One [*.....]
Gold:   486        SH:  6    Dex: 14    Spells: 9/9 levels left

rFire   . . .        y - +1 broad axe (flame)
rCold   . . .        c - +0 buckler
rNeg    + . .        w - +0 chain mail
rPois   .            (helmet restricted)
rElec   .            l - +0 cloak
rCorr   .            h - +0 pair of gloves
SInv    .            (no boots)
Will    .....        (no amulet) Stlth
                     k - ring of positive energy
HPRegen 0.34/turn    (no ring)
MPRegen 0.11/turn

%: no passive effects
@: glowing
A: horns 2, retaliatory headbutt
a: Renounce Religion, Divine Shield


You were on level 9 of the Dungeon.
You worshipped the Shining One.
The Shining One was aware of your devotion.
You visited 2 branches of the dungeon, and saw 10 of its levels.

You collected 486 gold pieces.

Inventory:

Hand Weapons
 y - a +1 broad axe of flaming (weapon)
Missiles
 t - 2 throwing nets
Armour
 c - a +0 buckler (worn)
 h - a +0 pair of gloves (worn)
 l - a +0 cloak (worn)
 w - a +0 chain mail (worn)
Jewellery
 k - a ring of positive energy (left hand)
 m - a ring of flight
 v - a +6 ring of dexterity
Wands
 b - a wand of iceblast (11)
 o - a wand of quicksilver (2)
 p - a wand of paralysis (8)
 r - a wand of mindburst (12)
Scrolls
 j - 4 scrolls of teleportation
 s - a scroll of fog
 A - a scroll of brand weapon
 B - a scroll of enchant armour
Potions
 d - 2 potions of might
 e - 4 potions of attraction
 f - a potion of heal wounds
 g - a potion of resistance
 i - 9 potions of curing
 n - 2 potions of haste
 q - a potion of enlightenment
 u - a potion of brilliance {unknown}
 x - a potion of mutation {unknown}
 z - a potion of magic {unknown}
 D - a potion of ambrosia {unknown}


   Skills:
 + Level 8.2 Fighting
 * Level 10.6 Axes
 + Level 8.1 Armour
 + Level 6.3 Dodging
 + Level 8.0 Shields


You had 9 spell levels left.
You didn't know any spells.
Your spell library contained the following spells:

 Spells                   Type           Power      Damage    Failure   Level
 Magic Dart               Conj           0%         1d3       98%         1
 Sandblast                Erth           0%         2d4       98%         1
 Blink                    Tloc           0%         N/A       99%         2
 Call Imp                 Summ           0%         N/A       99%         2
 Sublimation of Blood     Necr           0%         N/A       99%         2
 Passwall                 Erth           0%         N/A       100%        3
 Stone Arrow              Conj/Erth      0%         3d7       100%        3
 Brom's Barrelling Bould  Conj/Erth      0%         2d3       100%        4
 Summon Hydra             Summ           0%         N/A       100%        7


Dungeon Overview and Level Annotations

Branches:
Dungeon (9/15)             Temple (1/1) D:7             Orc (0/2) D:9
   Lair: D:8-11

Altars:
Ashenzari
Dithmenos
Elyvilon
Fedhas
Gozag
Kikubaaqudgha
Makhleb
Nemelex Xobeh
Okawaru
Qazlal
Ru
Sif Muna
Trog
Uskayaw
Vehumet
Wu Jian
Xom
Yredelemnul
Zin
The Shining One

Shops:
D:6 :


Innate Abilities, Weirdness & Mutations

You have a pair of horns on your head.
You reflexively headbutt those who attack you in melee.


Message History

You barely miss the orc.
The orc hits you with a +1 heavy war axe.
* * * LOW HITPOINT WARNING * * *
You feel much better. The orc hits you but does no damage.
You hit the orc but do no damage. The orc barely misses you.
You barely miss the orc. You slash the orc! You burn the orc.
You kill the orc!
The orc priest invokes the aid of Beogh against you.
Pain shoots through your body!
You slash the gnoll! You burn the gnoll.
You kill the gnoll!
You barely miss the orc priest. You headbutt the orc priest!
The orc priest is almost dead.
The orc priest miscasts a cantrip.
The orc priest calls down the wrath of Beogh upon you.
Beogh smites you!
You hit the orc priest. You burn the orc priest.
You kill the orc priest!
The Shining One accepts your kill.
The orc priest invokes the aid of Beogh against you.
Beogh smites you!
* * * LOW HITPOINT WARNING * * *
The orc priest invokes the aid of Beogh against you.
You struggle to resist.
You block the gnoll's attack.
The orc priest hits you with a +0 flail.
* * * LOW HITPOINT WARNING * * *
The orc priest hits you with a +0 whip.
* * * LOW HITPOINT WARNING * * *
Items here: ( )))))))))))))))) [[[[[[ †††††††††††.
You barely miss the orc priest. You slash the orc priest!
You burn the orc priest. The gnoll barely misses you.
The orc priest calls down the wrath of Beogh upon you.
Beogh smites you!
* * * LOW HITPOINT WARNING * * *
The orc priest completely misses you. You furiously retaliate!
You headbutt the orc priest.
The gnoll hits you from afar with a +0 halberd!
You die...

#.##.....#.....................#
#.##..###.##.#######.###.#.......
#.##..# #.##.# #.# #....)....
#.##).###.##.# #.# ###.#.#.##
#.........##.# #.# #.#.#.#
####..#......# #.# .#.# #
#..#.####.# #.. #..#.#
#.############. #..#.
#...o@)........ #..#
####o#########. #.... ##g.#
##.#..#####..g######
..........g......
.....g##.........
#....##)...##... #..g$......# ..
....g............


You could see 2 orc priests and a gnoll.

Vanquished Creatures
  Maggie (D:7)
  A hornet (D:7)
  Grinder (D:3)
  Prince Ribbit (D:6)
  A wyvern (D:6)
  A human (D:9)
  2 wargs (D:9)
  A steam dragon (D:7)
  Menkaure (D:4)
  2 water moccasins
  3 black bears
  An ice beast (D:8)
  A phantom (D:7)
  A centaur (D:9)
  A bullfrog (D:7)
  3 kobold brigands (D:8)
  A scorpion (D:5)
  5 wights (D:8)
  2 howler monkeys (D:7)
  2 bombardier beetles
  2 gnoll boudas
  3 hounds
  A jelly (D:3)
  Crazy Yiuf (D:3)
  8 orc priests
  3 iguanas
  3 sleepcaps
  7 orc wizards
  18 gnolls
  8 adders
  3 white imps
  5 worms
  5 dart slugs
  51 orcs
  7 endoplasms
  2 giant cockroaches
  13 goblins
  11 hobgoblins
  6 jackals
  34 kobolds
  4 quokkas
  10 ball pythons
  12 bats
  2 frilled lizards
  9 rats
260 creatures vanquished.

Vanquished Creatures (others)
  An orc (D:7)
1 creature vanquished.

Grand Total: 261 creatures vanquished

Notes
Turn   | Place    | Note
-------+----------+-------------------------------------------
     0 | D:1      | inmateoo the Minotaur Fighter began the quest for the Orb.
     0 | D:1      | Reached XP level 1. HP: 19/19 MP: 0/0
    84 | D:1      | Reached XP level 2. HP: 23/27 MP: 1/1
   191 | D:1      | Reached skill level 3 in Axes
   392 | D:1      | Reached XP level 3. HP: 33/33 MP: 2/2
   836 | D:2      | Reached skill level 1 in Dodging
  1015 | D:2      | Found a faded altar of an unknown god.
  1177 | D:2      | Reached XP level 4. HP: 24/40 MP: 3/3
  1568 | D:3      | Reached skill level 4 in Axes
  1697 | D:3      | Noticed Grinder
  1705 | D:3      | Killed Grinder
  1706 | D:3      | Reached skill level 5 in Axes
  1706 | D:3      | Reached XP level 5. HP: 37/47 MP: 4/4
  1706 | D:3      | Reached XP level 6. HP: 42/53 MP: 5/5
  2093 | D:3      | Identified the +2 hammer of Hacking and Slashing {flame,
                  | Stlth+}
  2103 | D:3      | Found a runed translucent door.
  2104 | D:3      | Noticed Crazy Yiuf
  2485 | D:3      | Killed Crazy Yiuf
  2486 | D:3      | Reached skill level 5 in Shields
  2632 | D:4      | Noticed Menkaure
  2637 | D:4      | Killed Menkaure
  2638 | D:4      | Reached skill level 5 in Fighting
  2638 | D:4      | Reached skill level 5 in Armour
  2638 | D:4      | Reached XP level 7. HP: 44/61 MP: 6/6
  2708 | D:4      | Reached skill level 6 in Axes
  2882 | D:4      | Found the +0 toga "Victory" {*Victory Clar}
  3061 | D:4      | Found a glowing silver altar of Zin.
  3504 | D:5      | Entered Level 5 of the Dungeon
  3958 | D:5      | Reached skill level 7 in Axes
  3958 | D:5      | Reached XP level 8. HP: 62/70 MP: 7/7
  4857 | D:6      | Found Soda's Tremendous Tomes.
  4931 | D:6      | Identified the +8 falchion of Anguish {protect, rPois Int+2
                  | Dex+2}
  5027 | D:6      | Reached skill level 8 in Axes
  5354 | D:6      | Noticed Prince Ribbit
  5364 | D:6      | Killed Prince Ribbit
  5547 | D:7      | Noticed Maggie
  5553 | D:7      | Killed Maggie
  5554 | D:7      | Reached skill level 5 in Dodging
  5554 | D:7      | Reached XP level 9. HP: 79/79 MP: 8/8
  5597 | D:7      | Reached skill level 9 in Axes
  5770 | D:7      | Found a staircase to the Ecumenical Temple.
  5815 | Temple   | Entered the Ecumenical Temple
  5815 | Temple   | Noticed a red devil
  5815 | Temple   | Noticed a cacodemon
  5816 | Temple   | Noticed Seckotecoff the pandemonium lord
  5816 | Temple   | Noticed Boelon the pandemonium lord
  5817 | Temple   | Noticed a blizzard demon
  5818 | Temple   | Noticed Plog the pandemonium lord
  5819 | Temple   | Noticed a blizzard demon
  5825 | Temple   | Noticed an orange demon
  5826 | Temple   | Noticed a Tzitzimitl
  5827 | Temple   | Noticed Rufeabuc the pandemonium lord
  5828 | Temple   | Noticed a blizzard demon
  5842 | Temple   | Became a worshipper of the Shining One
  5900 | D:7      | Found an ancient bone altar of Kikubaaqudgha.
  6035 | D:7      | Paralysed by a hornet for 3 turns
  6632 | D:8      | Reached skill level 10 in Axes
  6636 | D:8      | Reached * piety under the Shining One
  6876 | D:8      | Paralysed by a kobold for 3 turns
  7310 | D:9      | Identified the +3 mace of the Teaching Madman {venom, rF+
                  | Str+3 SInv}
  7338 | D:9      | Found a staircase to the Orcish Mines.
  7360 | D:9      | Reached XP level 10. HP: 31/88 MP: 9/9
  7398 | D:9      | HP: 4/88 [orc priest/divine providence (10)]
  7398 | D:9      | Mangled by a gnoll

Illustrated notes

Levels and vault maps discovered:
D:1:      doesnt_arrival_eight_statues, layout_basic
D:2:      layout_rooms, serial_rivers, chequers_serial_rivers_small_b,
          chequers_serial_rivers_large_b, chequers_serial_rivers_room_a,
          chequers_serial_rivers_micro_a, chequers_serial_rivers_room_b,
          chequers_ecumenical_altar_lobes, minmay_tree_intersection
D:3:      layout_basic, uniq_crazy_yiuf_cottage, uniq_grinder
D:4:      layout_basic, mainiacjoe_overflow_six_doors_small,
          serial_co_window_serial, co_window_paths_b, co_window_paths_a,
          co_window_of_opportunity_a, co_window_paths_a, co_window_paths_b,
          co_window_corner_a, co_window_paths_a, co_window_unsneaky_path_d,
          co_window_paths_c, co_window_of_opportunity_c, co_window_broadway_b,
          co_window_paths_d, co_window_4corner_b, glass_columns_a,
          glass_columns_c, glass_columns_b, glass_columns_b,
          corexii_item_surrounded_by_moat, roderic_batcave, uniq_menkaure
D:5:      corexii_shantytown, layout_basic
D:6:      layout_gridville, nicolae_shop_i_like_big_books,
          chequers_serial_rivers_large_a, uniq_prince_ribbit1
D:7:      layout_loops_ring, nicolae_kikubaaqudgha_miasma_corner,
          minmay_temple_entry_statues_pillars, uniq_maggie
D:8:      layout_basic
D:9:      layout_loops_ring, beargit_hepliaklqana_dungeon_heroes, erik_orc_4,
          minmay_joined_circles
Temple:   nicolae_temple_panitentiary

Skill      XL: |  1  2  3  4  5  6  7  8  9 10 |
---------------+-------------------------------+-----
Axes           | 3 5 7 8 10 | 10.6
Fighting       | 4 5 7 8 |  8.2
Shields        | 4 5 6 7 8 |  8.0
Armour         | 4 5 6 7 8 |  8.1
Dodging        | 1 2 3 5 6 |  6.3

Action                     |  1- 3 |  4- 6 |  7- 9 | 10-12 || total
---------------------------+-------+-------+-------+-------++-------
  Melee: War axe           |    89 |    90 |   208 |       ||   387
         Headbutt          |     4 |     8 |    51 |     7 ||    70
         Broad axe         |       |       |   123 |    27 ||   150
  Evoke: Wand              |       |       |     6 |       ||     6
    Use: Scroll            |     1 |     6 |    13 |       ||    20
         Potion            |       |       |     1 |     1 ||     2
 Armour: Scale mail        |    58 |    68 |   142 |       ||   268
         Chain mail        |       |       |    88 |    16 ||   104
  Dodge: Dodged            |    39 |    46 |   146 |    12 ||   243
  Block: Buckler           |    18 |    18 |    74 |     5 ||   115

Table legend: (Time is in decaauts)
 A = Elapsed time spent in this place.
 B = Non-inter-level travel time spent in this place.
 C = Inter-level travel time spent in this place.
 D = Time resting spent in this place.
 E = Time spent auto-exploring this place.
 F = Levels seen in this place.
 G = Mean time per level.
                   A        B        C        D        E       F      G
               +--------+--------+--------+--------+--------+-----+--------+
         Total |   7561 |   7266 |    295 |    749 |   5174 |  10 |  756.1 |
       Dungeon |   7514 |   7237 |    277 |    749 |   5174 |   9 |  834.9 |
        Temple |     46 |     28 |     18 |      0 |      0 |   1 |   46.0 |
               +--------+--------+--------+--------+--------+-----+--------+

Top non-repeatable levels by time:
     D:3: 1178 daAuts
     D:5: 1069 daAuts
     D:6: 1006 daAuts
     D:4: 889 daAuts
     D:7: 861 daAuts
     D:8: 811 daAuts
     D:1: 808 daAuts
     D:2: 735 daAuts
     D:9: 155 daAuts
  Temple: 46 daAuts
